 Dungeon Crawl Stone Soup version 0.17.0-73-gb648821 (webtiles) character file.

800 Rex the Shield-Bearer (level 7, -4/61 HPs)
             Began as a Minotaur Fighter on Dec 9, 2015.
             Was a Believer of Okawaru.
             Slain by a sky beast (6 damage)
             ... on level 5 of the Dungeon.
             The game lasted 00:12:19 (3562 turns).

Rex the Shield-Bearer (Minotaur Fighter)            Turns: 3562, Time: 00:12:19

Health: -4/61      AC: 15    Str: 23    XL:     7   Next: 59%
Magic:  6/6        EV:  6    Int:  5    God:    Okawaru [**....]
Gold:   168        SH: 10    Dex:  9    Spells: 0 memorised, 6 levels left

rFire  . . .     SeeInvis .     p - +0 war axe (chop)
rCold  . . .     Clarity  .     k - +0 plate armour
rNeg   + . .     SustAt   .     c - +0 shield
rPois  .         Gourm    .     (helmet restricted)
rElec  .         Spirit   .     (no cloak)
rCorr  .         Warding  .     (no gloves)
rMut   .         Stasis   .     (no boots)
MR     .....                    (no amulet)
Stlth  ..........               b - +3 ring of protection
                                h - ring of positive energy

@: not resistant to hostile enchantments, extremely unstealthy
A: retaliatory headbutt, horns 2
a: Heroism, Renounce Religion


You were on level 5 of the Dungeon.
You worshipped Okawaru.
Okawaru was pleased with you.
You were not hungry.

You visited 1 branch of the dungeon, and saw 5 of its levels.

You collected 168 gold pieces.

Inventory:

Hand Weapons
 a - a +1 war axe
 p - a +0 war axe of chopping (weapon)
Armour
 c - a +0 shield (worn)
 k - a +0 plate armour (worn)
Jewellery
 b - a +3 ring of protection (right hand)
 h - a ring of positive energy (left hand)
Wands
 g - a wand of magic darts (20)
 j - a wand of enslavement (15)
 l - a wand of confusion (28)
Scrolls
 f - 6 scrolls of remove curse
 n - 2 scrolls of teleportation
 o - 4 scrolls of identify
 r - 2 scrolls of fog
Potions
 d - 2 potions of might
 i - 2 potions of curing
Comestibles
 e - 3 bread rations
 m - 2 chunks of flesh
 q - 2 meat rations


   Skills:
 + Level 5.3 Fighting
 + Level 5.2 Axes
 + Level 6.1 Armour
 + Level 2.9 Dodging
 + Level 0.6 Stealth
 + Level 6.3 Shields


You had 6 spell levels left.
You didn't know any spells.

Dungeon Overview and Level Annotations

Branches:
Dungeon (5/15)
 Temple: D:4-7

Altars:
Ashenzari
Cheibriados
Elyvilon
Gozag
Kikubaaqudgha
Makhleb
Nemelex Xobeh
Okawaru
Qazlal
Ru
Xom


Innate Abilities, Weirdness & Mutations

You reflexively headbutt those who attack you in melee.
You have a pair of horns on your head.


Message History

The sky beast hits you.
* * * LOW HITPOINT WARNING * * *
The sky beast shocks you.
* * * LOW HITPOINT WARNING * * *
The sky beast flickers out of sight!
Deactivating autopickup; reactivate with Ctrl-A.
You block its attack.
You miss something. Something hits you.
* * * LOW HITPOINT WARNING * * *
Something shocks you.
* * * LOW HITPOINT WARNING * * *
You miss something. You headbutt something!
A sky beast appears from thin air!
Reactivating autopickup.
The sky beast hits you but does no damage.
You closely miss the sky beast.
The sky beast is heavily wounded.
You block the sky beast's attack. The sky beast hits you.
* * * LOW HITPOINT WARNING * * *
The sky beast shocks you.
You die...

........# ......... .......#
#......# #......# #.....##
##.....# #......##
##......## ##.......#
#........####.$......#
#...[........Y@).....#
#.............(......##.#
#..##.......(?.##..###.##..#
. #..#..........# ## #.##..#
# #..............# #.##..# #
##......#.....## #.##..# #
##.รท..###...## #.##..###
####..###### #.##..... ##.#
#####.##.####


You could see a sky beast.

Vanquished Creatures
  A centaur (D:5)
  A phantom (D:4)
  An ogre (D:4)
  A giant frog (D:4)
  3 crimson imps
  2 hounds
  4 worker ants (D:4)
  An iguana (D:5)
  8 adders
  A white imp (D:4)
  An ooze (D:3)
  An adder skeleton (D:4)
  4 giant geckos
  6 orcs
  4 giant cockroaches
  8 hobgoblins
  6 jackals
  A quokka (D:3)
  5 bats
  4 giant newts
  9 goblins
  8 kobolds
  11 rats
91 creatures vanquished.

Notes
Turn   | Place    | Note
--------------------------------------------------------------
     0 | D:1      | Rex the Minotaur Fighter began the quest for the Orb.
     0 | D:1      | Reached XP level 1. HP: 19/19 MP: 0/0
   139 | D:1      | Reached XP level 2. HP: 21/27 MP: 1/1
   145 | D:1      | Reached skill level 4 in Armour
   725 | D:2      | Reached XP level 3. HP: 33/33 MP: 2/2
   961 | D:2      | Found a snail-covered altar of Cheibriados.
  1143 | D:2      | Found a stormy altar of Qazlal.
  1143 | D:2      | Noticed an air elemental
  1153 | D:2      | Noticed a water elemental
  1153 | D:2      | Noticed a fire elemental
  1153 | D:2      | Noticed an earth elemental
  1366 | D:3      | Found a faded altar to an unknown god.
  1468 | D:3      | Found an iron altar of Okawaru.
  1476 | D:3      | Became a worshipper of Warmaster Okawaru
  1486 | D:3      | Reached XP level 4. HP: 40/40 MP: 3/3
  2056 | D:3      | Found a burning altar of Makhleb.
  2056 | D:3      | Found a white marble altar of Elyvilon.
  2084 | D:4      | Noticed a giant frog
  2092 | D:4      | Killed a giant frog
  2092 | D:4      | Reached skill level 5 in Armour
  2092 | D:4      | Reached skill level 1 in Dodging
  2092 | D:4      | Reached XP level 5. HP: 40/47 MP: 4/4
  2299 | D:4      | Found an opulent altar of Gozag.
  2300 | D:4      | Found a sacrificial altar of Ru.
  2303 | D:4      | Found a sparkling altar of Nemelex Xobeh.
  2305 | D:4      | Found a shattered altar of Ashenzari.
  2305 | D:4      | Found a shimmering altar of Xom.
  2308 | D:4      | Found an ancient bone altar of Kikubaaqudgha.
  2349 | D:4      | Reached * piety under Okawaru
  2465 | D:4      | Noticed a phantom
  2472 | D:4      | Killed a phantom
  2472 | D:4      | Reached skill level 5 in Shields
  2472 | D:4      | Reached XP level 6. HP: 51/55 MP: 5/5
  2628 | D:4      | Noticed an ogre
  2635 | D:4      | Killed an ogre
  2635 | D:4      | Reached skill level 5 in Fighting
  2643 | D:4      | Reached XP level 7. HP: 32/61 MP: 6/6
  3129 | D:5      | Entered Level 5 of the Dungeon
  3492 | D:5      | Reached skill level 6 in Shields
  3543 | D:5      | Reached ** piety under Okawaru
  3550 | D:5      | Reached skill level 5 in Axes
  3562 | D:5      | HP: 2/61 [sky beast (2)]
  3562 | D:5      | Slain by a sky beast

Action                   |  1- 3 |  4- 6 |  7- 9 || total
-------------------------+-------+-------+-------++-------
Melee: War axe           |    93 |    81 |    68 ||   242
  Use: Scroll            |     7 |       |     2 ||     9
       Potion            |     4 |       |     1 ||     5
  Eat: Chunk             |     2 |     4 |       ||     6
       Fruit             |       |       |     4 ||     4
